 Dungeon Crawl Stone Soup version 0.20-a0-421-gf6b327c (webtiles) character file.

49 Faca the Covered (level 3, -6/23 HPs)
             Began as a Gargoyle Fighter on Dec 31, 2016.
             Mangled by a gnoll
             ... wielding a +0 halberd
              (7 damage)
             ... on level 2 of the Dungeon.
             The game lasted 00:02:23 (860 turns).

Faca the Covered (Gargoyle Fighter)                  Turns: 860, Time: 00:02:25

Health: -6/23      AC: 10    Str: 19    XL:     3   Next: 75%
Magic:  3/3        EV:  7    Int:  8    God:
Gold:   68         SH:  9    Dex: 10    Spells: 2/2 levels left

rFire  . . .     SeeInvis .     a - +0 flail
rCold  . . .     Gourm    .     b - +0 scale mail
rNeg   + . .     Faith    .     c - +0 shield
rPois  ∞         Spirit   .     (no helmet)
rElec  +         Reflect  .     (no cloak)
rCorr  .         Harm     .     (no gloves)
MR     .....                    (no boots)
Stlth  ..........               (no amulet)
                                (no ring)
                                (no ring)

@: no status effects
A: negative energy resistance 1, electricity resistance, unbreathing,
petrification resistance, rot immunity, AC +3
a: no special abilities


You were on level 2 of the Dungeon.
You were not hungry.

You visited 1 branch of the dungeon, and saw 2 of its levels.

You collected 68 gold pieces.

Inventory:

Hand Weapons
 a - a +0 flail (weapon)
Armour
 b - a +0 scale mail (worn)
 c - a +0 shield (worn)
Scrolls
 h - a scroll of teleportation
Potions
 d - a potion of might
 e - 2 potions of curing {unknown}
 g - a potion of lignification
 i - a potion of haste {unknown}
Comestibles
 f - a bread ration
 j - a beef jerky


   Skills:
 + Level 3.6 Fighting
 + Level 2.5 Maces & Flails
 + Level 4.0 Armour
 + Level 3.7 Shields


You had 2 spell levels left.
You didn't know any spells.

Dungeon Overview and Level Annotations

Branches:
Dungeon (2/15)

Altars:

Annotations:
D:2 Jessica


Innate Abilities, Weirdness & Mutations

You are resistant to torment.
Your stone body is resilient. (AC +3)
You are immune to poison.
You resist negative energy. (rN+)
You are resistant to electric shocks. (rElec)
You can survive without breathing.
You are immune to petrification.
You are immune to rotting.


Message History

You see here a rat corpse.
You hit the gnoll but do no damage. You block the jackal's attack.
You block the gnoll's attack. You block the jackal's attack.
The gnoll hits you but does no damage. The jackal barely misses you.
The gnoll barely misses you. The jackal barely misses you.
You hit the gnoll.
The gnoll is moderately wounded.
The jackal bites you but does no damage.
You block the jackal's attack. You block the gnoll's attack.
The gnoll hits you with a halberd.
* * * LOW HITPOINT WARNING * * *
The jackal barely misses you.
Your shield and scale mail prevent you from hitting the gnoll.
The gnoll is moderately wounded.
You block the jackal's attack.
The jackal bites you but does no damage.
The gnoll hits you with a whip.
* * * LOW HITPOINT WARNING * * *
You block the jackal's attack. The gnoll hits you with a halberd!
You die...

#..... +..... .
#########..... ..
#............. ...
#.........####
....#######.........#...
..%.....##..........#.##
......hhg...............
.#<..#@##...######.#...
... #g###### #)###. .
.g@ #####'#... ....#
#....†.... .....#
#......<.. ......#
#......... .......#
#......... #.......#
#........# #........#


You could see 3 gnolls, Jessica and 2 jackals.

Vanquished Creatures
  An adder (D:2)
  A gnoll (D:2)
  A worm (D:2)
  2 leopard geckos
  3 goblins
  A hobgoblin (D:1)
  A jackal (D:2)
  A quokka (D:2)
  A ball python (D:1)
  5 bats
  3 frilled lizards
  5 kobolds (D:1)
  2 rats
27 creatures vanquished.

Notes
Turn   | Place    | Note
-------+----------+-------------------------------------------
     0 | D:1      | Faca the Gargoyle Fighter began the quest for the Orb.
     0 | D:1      | Reached XP level 1. HP: 14/14 MP: 1/1
   264 | D:1      | Reached XP level 2. HP: 19/19 MP: 2/2
   790 | D:2      | Reached XP level 3. HP: 15/23 MP: 3/3
   849 | D:2      | Noticed Jessica
   851 | D:2      | Reached skill level 4 in Armour
   860 | D:2      | HP: 1/23 [gnoll/whip (1)]
   860 | D:2      | Mangled by a gnoll

Vault maps used:
D:1:      matt_arrival_refuge, lemuel_flame_loot_1
D:2:      chequers_ecumenical_altar_grove, first_bread, uniq_jessica

Skill      XL: |  1  2  3 |
---------------+----------+-----
Armour         | 4 |  4.0
Fighting       | |  3.6
Maces & Flails | |  2.5
Shields        | |  3.7

Action                   || total
-------------------------++-------
Melee: Flail             ||   121
  Use: Scroll            ||     2
Armor: Scale mail        ||    97
Dodge: Dodged            ||    45
Block: Shield            ||    90
